 Dungeon Crawl Stone Soup version 0.17.2-1-ge4368a0 (webtiles) character file.

14480 Goblin1989 the Martial Artist (level 11, -1/89 HPs)
             Began as a Demonspawn Assassin on July 28, 2017.
             Was an Initiate of Gozag.
             Slain by Snorg (16 damage)
             ... on level 2 of the Orcish Mines.
             The game lasted 00:56:45 (10707 turns).

Goblin1989 the Martial Artist (DsAs)               Turns: 10707, Time: 00:56:45

Health: -1/89      AC: 24    Str: 13    XL:     11   Next: 89%
Magic:  11/11      EV:  2    Int: 13    God:    Gozag
Gold:   804        SH: 14    Dex: 19    Spells: 0 memorised, 10 levels left

rFire  . . .     SeeInvis +       - Unarmed
rCold  . . .     Clarity  .     F - +0 plate armour
rNeg   . . .     SustAt   .     N - +2 shield of the Blizzard {Int-4 Slay+6 SInv Stlth+}
rPois  +         Gourm    .     n - +1 hat of the Elephant {rPois Int+3 Dex+4}
rElec  .         Spirit   .     a - +1 cloak
rCorr  .         Warding  .     (gloves unavailable)
rMut   .         Stasis   .     O - +0 pair of boots {run}
MR     +....                    r - amulet of regeneration
Stlth  ..........               A - +3 ring of protection
                                m - ring of protection from magic

@: about to teleport, flying, hasted, very quick, somewhat resistant to hostile
enchantments, extremely unstealthy
A: claws 3, icy blue scales 2, demonic guardian 1, powered by death 1,
augmentation 1
a: Potion Petition, Call Merchant, Bribe Branch, Renounce Religion


You were on level 2 of the Orcish Mines.
You worshipped Gozag.
Gozag was noncommittal.
You were not hungry.

You visited 3 branches of the dungeon, and saw 16 of its levels.
You also visited: Sewer and Bailey.

You collected 3308 gold pieces.
You spent 1511 gold pieces at shops.
You paid 993 gold pieces to Gozag.

Inventory:

Hand Weapons
 w - a +0 blowgun {@w1}
 G - the +6 trident of the Onslaught {antimagic, Dex+3}
   (You found it on level 9 of the Dungeon)

   It disrupts the flow of magical energy around spellcasters and certain
   magical creatures (including the wielder).
   It affects your dexterity (+3).
Missiles
 g - 72 poisoned needles
 v - 6 curare-tipped needles (quivered)
Armour
 a - a +1 cloak (worn)
 n - the +1 hat of the Elephant (worn) {rPois Int+3 Dex+4}
   (You bought it in a shop on level 2 of the Orcish Mines)

   It affects your intelligence (+3).
   It affects your dexterity (+4).
   It protects you from poison.
 F - a +0 plate armour (worn)
 N - the +2 shield of the Blizzard (worn) {Int-4 Slay+6 SInv Stlth+}
   (You bought it in a shop on level 1 of the Lair of Beasts)

   It affects your intelligence (-4).
   It affects your accuracy and damage with ranged weapons and melee attacks
   (+6).
   It lets you see invisible.
   It makes you more stealthy.
 O - a +0 pair of boots of running (worn)
Jewellery
 k - a ring of ice
 m - a ring of protection from magic (left claw)
 r - an amulet of regeneration (around neck)
 s - a ring of see invisible
 A - a +3 ring of protection (right claw)
Wands
 d - a wand of teleportation (6) {@v3, !v}
 h - a wand of flame (19)
 C - a wand of confusion (20)
 E - a wand of cold (4)
 J - a wand of slowing (26)
 L - a wand of random effects (15)
Scrolls
 f - 2 scrolls of random uselessness {unknown}
 i - 2 scrolls of enchant weapon {unknown}
 t - 2 scrolls of enchant armour
 x - 3 scrolls of remove curse {@r2}
 y - a scroll of amnesia
 D - 2 scrolls of immolation {unknown}
 H - 2 scrolls of recharging {unknown}
 M - a scroll of magic mapping
 T - a scroll of teleportation {!r, @r3}
Potions
 b - a potion of might
 o - 2 potions of curing {@q1}
 p - a potion of haste
 q - a potion of flight
 u - a potion of cure mutation {!q}
 z - 3 potions of lignification
 B - 2 potions of brilliance
 K - a potion of agility
Comestibles
 c - 5 meat rations {@e2}
 e - 3 bread rations {@e1}


   Skills:
 + Level 9.1 Fighting
   Level 1.7 Short Blades
 - Level 1.7 Throwing
 + Level 7.5 Armour
 - Level 0.8 Dodging
 - Level 3.6 Stealth
 + Level 9.8 Shields
 * Level 10.0 Unarmed Combat


You had 10 spell levels left.
You didn't know any spells.

Dungeon Overview and Level Annotations

Branches:
Dungeon (13/15)            Temple (0/1) D:7            Lair (1/8) D:11
    Orc (2/4) D:10
 Vaults: D:13-14

Altars:
Ashenzari
Gozag
Makhleb
Trog
Xom
Yredelemnul
Beogh

Shops:
D:5 =   D:8 [*[   Orc:2 }[[   Lair:1 [

Annotations:
D:4 Eustachio
Orc:2 Snorg


Innate Abilities, Weirdness & Mutations

You have claws for hands.
You are mostly covered in icy blue scales (AC +3, EV -1).
A weak demonic guardian rushes to your aid.
You regenerate a little health from kills.
Your magical and physical power is slightly enhanced at high health.


Message History

You take 2 damage, and have 87/89 hp.
You claw Snorg!
Snorg is lightly wounded.
Snorg bites you! You block Snorg's attack. Snorg claws you but does no damage.
You take 13 damage, and have 74/89 hp.
You claw Snorg!
Snorg is moderately wounded.
Your plate armour prevents you from hitting Snorg.
Snorg is moderately wounded.
Snorg bites you but does no damage. Snorg claws you. Snorg claws you.
Your iron imp closely misses Snorg.
You take 9 damage, and have 66/89 hp.
You closely miss Snorg.
Snorg is moderately wounded.
You block Snorg's attack. Snorg claws you but does no damage. Snorg claws you.
The orc hits your iron imp but does no damage.
Your iron imp closely misses the orc.
You take 4 damage, and have 62/89 hp.
You claw Snorg!
Snorg is moderately wounded.
Snorg goes berserk!
The orc hits your iron imp with a dagger.
You closely miss Snorg.
Snorg is moderately wounded.
You block Snorg's attack. Snorg claws you. Snorg claws you but does no damage.
Your iron imp barely misses the orc.
The orc barely misses your iron imp.
You take 1 damage, and have 61/89 hp.
You claw Snorg!
Snorg is heavily wounded.
Snorg bites you! You block Snorg's attack. Snorg claws you!
* * * LOW HITPOINT WARNING * * *
Your iron imp hits the orc.
You are too injured to fight recklessly!
You are too injured to fight recklessly!
You take 26 damage, and have 35/89 hp.
MASSIVE DAMAGE!!
You are too injured to fight recklessly!
You are too injured to fight recklessly!
You are too injured to fight recklessly!
You are too injured to fight recklessly!
You are too injured to fight recklessly!
You are too injured to fight recklessly!
You are too injured to fight recklessly!
You are too injured to fight recklessly!
You are too injured to fight recklessly!
You are too injured to fight recklessly!
You are too injured to fight recklessly!
You are too injured to fight recklessly!
You are too injured to fight recklessly!
You are too injured to fight recklessly!
You are too injured to fight recklessly!
You are too injured to fight recklessly!
You are too injured to fight recklessly!
You are too injured to fight recklessly!
You are too injured to fight recklessly!
You are too injured to fight recklessly!
You are too injured to fight recklessly!
You are too injured to fight recklessly!
You are too injured to fight recklessly!
You are too injured to fight recklessly!
You are too injured to fight recklessly!
You are too injured to fight recklessly!
You are too injured to fight recklessly!
You are too injured to fight recklessly!
Read which item? (? for menu, Esc to quit)
Really read
T - 2 scrolls of teleportation {!r, @r3}?
As you read the scroll of teleportation {!r, @r3}, it crumbles to dust.
You feel strangely unstable. Snorg bites you.
* * * LOW HITPOINT WARNING * * *
Snorg claws you but does no damage. Snorg claws you!
* * * LOW HITPOINT WARNING * * *
The orc hits your iron imp but does no damage.
Snorg bites you but does no damage. Snorg claws you but does no damage.
You block Snorg's attack.
You take 18 damage, and have 17/89 hp.
MASSIVE DAMAGE!!
Drink which item? (? for menu, Esc to quit)
Really quaff
l - a potion of heal wounds {@q2, !q}?
You feel much better. Snorg bites you!
* * * LOW HITPOINT WARNING * * *
Snorg claws you.
* * * LOW HITPOINT WARNING * * *
Snorg claws you but does no damage.
The orc hits your iron imp but does no damage.
Your iron imp closely misses the orc.
You regained 8 hp, and now have 25/89 hp. [a] - 312 gold - haste and flight [b] - 406 gold - haste and brilliance [c] - 638 gold - resistance, invisibility and agility Purchase which effect?
You no longer have enough gold to fund merchants seeking to open stores in the dungeon.
You feel yourself speed up.
You feel very buoyant.
You fly up into the air.
Snorg bites you.
* * * LOW HITPOINT WARNING * * *
Snorg claws you but does no damage. x2
The orc hits your iron imp but does no damage.
Your iron imp barely misses the orc.
You block Snorg's attack. Snorg claws you!
* * * LOW HITPOINT WARNING * * *
Snorg claws you!
You die...
Your body crumbles into a pile of gold.

██. .█ █.. ... ...∩ █.█
..... ██... █....██
██.... .......██ ██.█..█
...>..T.███ ██████...█..
$
.....o5@█.███.█.........
.█...$................█(
......█.█..............(
.█...█████......⌂.....█.
█..█ ██..............
....█████...............
...██.██...█............
.█ █...█..██..........).
█.......██..█..█.█.()


You could see Snorg (berserk), an orc and a friendly iron imp.

Vanquished Creatures
  Sonja (D:11)
  3 hill giants
  The ghost of Charly the Grappler, a novice VSTm of Cheibriados (D:10)
  2 cyclopes
  2 ugly things
  An orc sorcerer (Orc:1)
  Maurice (D:9)
  3 gargoyles
  A fire drake (Lair:1)
  A spiny frog (Lair:1)
  A kobold demonologist (D:12)
  A troll (D:13)
  A boulder beetle (Orc:2)
  A shadow (D:10)
  A wraith (D:12)
  6 yaks (D:12)
  A hungry ghost (D:13)
  2 soldier ants
  2 wargs (Orc:1)
  A porcupine (Lair:1)
  An eye of draining (D:6)
  2 sky beasts (D:5)
  8 orc warriors
  2 phantoms
  3 ogres
  4 centaurs
  2 big kobolds
  2 crocodiles
  A giant frog (D:11)
  2 gnoll sergeants
  A wyvern skeleton (D:12)
  14 wights
  3 scorpions
  9 killer bees
  A wasp zombie (D:6)
  3 centaur zombies
  3 crimson imps
  7 orc priests
  4 centaur skeletons
  3 giant frog skeletons
  3 jellies
  8 hounds
  6 worker ants
  9 orc wizards
  A hound zombie (D:7)
  A worker ant zombie (D:7)
  11 adders
  8 gnolls
  3 shadow imps
  3 worms
  82 orcs
  4 bats
  4 giant cockroaches
  5 goblins
  7 hobgoblins
  11 jackals
  6 quokkas
  3 giant geckos
  3 giant newts
  14 kobolds
  7 rats
307 creatures vanquished.

Vanquished Creatures (collateral kills)
  An orc warrior (Bailey)
  A necrophage (D:7)
  A black bear (D:6)
  An ogre (D:8)
  2 centaurs
  Blork the orc (D:4)
  An orc wizard (D:9)
  A worker ant (D:5)
  14 orcs
  3 kobolds
26 creatures vanquished.

Vanquished Creatures (others)
  A kobold (D:9)
1 creature vanquished.

Grand Total: 334 creatures vanquished

Notes
Turn   | Place    | Note
--------------------------------------------------------------
     0 | D:1      | Goblin1989 the Demonspawn Assassin began the quest for the Orb.
     0 | D:1      | Reached XP level 1. HP: 16/16 MP: 1/1
    75 | D:1      | Gained mutation: You regenerate a little health from kills. [demonic ancestry]
    75 | D:1      | Reached XP level 2. HP: 5/23 MP: 2/2
   659 | D:1      | Gained mutation: You have sharp fingernails. [demonic ancestry]
   659 | D:1      | Reached XP level 3. HP: 29/29 MP: 3/3
   847 | D:2      | Reached skill level 1 in Unarmed Combat
   860 | D:2      | Found a bloodstained altar of Trog.
   860 | D:2      | Found an opulent altar of Gozag.
   863 | D:2      | Became a worshipper of Gozag Ym Sagoz the Greedy
  1413 | D:2      | Gained mutation: A weak demonic guardian rushes to your aid. [demonic ancestry]
  1413 | D:2      | Reached XP level 4. HP: 18/35 MP: 4/4
  1576 | D:3      | Reached XP level 5. HP: 41/41 MP: 5/5
  2016 | D:3      | Found a shimmering altar of Xom.
  2238 | D:4      | Reached skill level 4 in Unarmed Combat
  2287 | D:4      | Noticed Eustachio
  2383 | D:4      | Noticed Blork the orc
  2396 | D:4      | Killed Blork the orc
  2396 | D:4      | Reached XP level 6. HP: 29/47 MP: 6/6
  2437 | D:5      | Entered Level 5 of the Dungeon
  2576 | D:5      | Reached skill level 5 in Unarmed Combat
  2639 | D:5      | Found Lisep's Jewellery Boutique.
  2647 | D:5      | Bought a +3 ring of protection for 315 gold pieces
  2650 | D:5      | Found a glowing drain.
  2666 | Sewer    | Entered a sewer
  2747 | Sewer    | Got a jewelled hand crossbow
  2748 | Sewer    | Identified the cursed +1 hand crossbow "Gihihom" {elec, Dex+4} (You found it in a sewer)
  3143 | D:5      | Reached skill level 1 in Armour
  3143 | D:5      | Reached skill level 1 in Shields
  3143 | D:5      | Gained mutation: You are partially covered in icy blue scales (AC +1). [demonic ancestry]
  3143 | D:5      | Reached XP level 7. HP: 53/53 MP: 7/7
  4082 | D:6      | Reached skill level 6 in Unarmed Combat
  4242 | D:6      | Found a shattered altar of Ashenzari.
  4319 | D:6      | Gained mutation: You are mostly covered in icy blue scales (AC +3, EV -1). [demonic ancestry]
  4319 | D:6      | Reached XP level 8. HP: 56/61 MP: 8/8
  4395 | D:7      | Found a flagged portal.
  4415 | Bailey   | Entered a bailey
  4428 | Bailey   | Gained mutation: Your mind is acute. (Int +2) [potion of mutation]
  4428 | Bailey   | Gained mutation: Your body sometimes deteriorates upon taking damage. [potion of mutation]
  4428 | Bailey   | Gained mutation: You are frail (-10% HP). [potion of mutation]
  4624 | Bailey   | Noticed an orc knight
  5185 | D:7      | Reached skill level 5 in Fighting
  5208 | D:7      | Found a staircase to the Ecumenical Temple.
  5211 | D:7      | Found a basalt altar of Yredelemnul.
  5249 | D:7      | Reached skill level 7 in Unarmed Combat
  5670 | D:8      | Found Nuevat's Armour Emporium.
  5678 | D:8      | Bought a +1 large shield of protection for 181 gold pieces
  5718 | D:8      | Found Heyfiul's Armour Boutique.
  5938 | D:8      | Found a burning altar of Makhleb.
  6358 | D:8      | Found Vonoiw's Assorted Antiques.
  6365 | D:8      | Bought a scroll labeled HUUQ CUMEKHLUS for 19 gold pieces
  6365 | D:8      | Bought a curved fluorescent wand for 76 gold pieces
  6365 | D:8      | Bought a scroll labeled HUUQ CUMEKHLUS for 19 gold pieces
  6365 | D:8      | Bought a pair of boots for 85 gold pieces
  6455 | D:8      | Gained mutation: You have very sharp fingernails. [demonic ancestry]
  6455 | D:8      | Reached XP level 9. HP: 51/61 MP: 9/9
  6645 | D:9      | Noticed Maurice
  6702 | D:9      | Paralysed by Maurice for 7 turns
  6713 | D:9      | Killed Maurice
  6713 | D:9      | Reached skill level 5 in Shields
  6836 | D:9      | Got a dazzling trident
  6837 | D:9      | Identified the +6 trident of the Onslaught {antimagic, Dex+3} (You found it on level 9 of the Dungeon)
  7119 | D:10     | Entered Level 10 of the Dungeon
  7120 | D:10     | Noticed a gargoyle
  7128 | D:10     | Killed a gargoyle
  7128 | D:10     | Reached skill level 8 in Unarmed Combat
  7140 | D:10     | Noticed Charly's ghost (novice VSTm)
  7178 | D:10     | Killed Charly's ghost
  7279 | D:10     | Reached skill level 5 in Armour
  7289 | D:10     | Found a staircase to the Orcish Mines.
  7346 | D:10     | Gained mutation: Your magical and physical power is slightly enhanced at high health. [demonic ancestry]
  7346 | D:10     | Reached XP level 10. HP: 69/69 MP: 10/10
  7349 | D:10     | Lost mutation: Your body sometimes deteriorates upon taking damage. [potion of cure mutation]
  7349 | D:10     | Lost mutation: Your mind is acute. (Int +2) [potion of cure mutation]
  7349 | D:10     | Lost mutation: You are frail (-10% HP). [potion of cure mutation]
  7374 | D:10     | Noticed a gargoyle
  7387 | D:10     | Killed a gargoyle
  7439 | D:10     | Noticed a hill giant
  7458 | D:10     | Killed a hill giant
  8175 | D:11     | Noticed a cyclops
  8184 | D:11     | Killed a cyclops
  8258 | D:11     | Noticed Sonja
  8274 | D:11     | Killed Sonja
  8308 | D:11     | Noticed a hill giant
  8318 | D:11     | Killed a hill giant
  8545 | D:11     | Reached skill level 9 in Unarmed Combat
  8635 | D:11     | Found a staircase to the Lair.
  8750 | Lair:1   | Entered Level 1 of the Lair of Beasts
  8802 | Lair:1   | Bought a fine shield for 199 gold pieces
  8802 | Lair:1   | Bought a pair of glowing boots for 94 gold pieces
  8812 | Lair:1   | Identified a +0 pair of boots of running (You bought it in a shop on level 1 of the Lair of Beasts)
  8822 | Lair:1   | Identified the +2 shield of the Blizzard {Int-4 Slay+6 SInv Stlth+} (You bought it in a shop on level 1 of the Lair of Beasts)
  8871 | Lair:1   | Gained mutation: You have claws for hands. [demonic ancestry]
  8871 | Lair:1   | Reached XP level 11. HP: 66/86 MP: 11/11
  9783 | D:13     | Noticed a hill giant
  9790 | D:13     | Killed a hill giant
 10038 | Orc:1    | Entered Level 1 of the Orcish Mines
 10422 | Orc:1    | Reached skill level 10 in Unarmed Combat
 10550 | Orc:2    | Found Lecwouz's Armour Shop.
 10558 | Orc:2    | Found a roughly hewn altar of Beogh.
 10600 | Orc:2    | Found Jinurrai's Armour Shoppe.
 10622 | Orc:2    | Bought the +1 hat of the Elephant {rPois Int+3 Dex+4} for 523 gold pieces
 10694 | Orc:2    | Noticed Snorg
 10695 | Orc:2    | Found Kaem's Gadget Shop.
 10707 | Orc:2    | Slain by Snorg

Action                   |  1- 3 |  4- 6 |  7- 9 | 10-12 || total
-------------------------+-------+-------+-------+-------++-------
Melee: Dagger            |    54 |       |       |       ||    54
       Unarmed           |    51 |   265 |   590 |   481 ||  1387
 Fire: Blowgun           |    13 |     1 |    11 |    13 ||    38
Invok: Potion Petition   |       |       |       |     2 ||     2
       Call Merchant     |       |       |       |     1 ||     1
Evoke: Wand              |       |       |     4 |       ||     4
  Use: Scroll            |       |     8 |     9 |     5 ||    22
       Potion            |       |       |     9 |     3 ||    12
 Stab: Sleeping          |     8 |     6 |     2 |       ||    16
       Distracted        |       |     1 |     5 |     9 ||    15
  Eat: Beef jerky        |     1 |       |       |       ||     1
       Meat ration       |       |     1 |     2 |     1 ||     4
       Pizza             |       |     1 |     1 |       ||     2
       Royal jelly       |       |       |     1 |     2 ||     3
       Bread ration      |       |       |     1 |       ||     1
       Fruit             |       |       |       |     5 ||     5

Vault maps used:
D:1:      dpeg_arrival_short_road
D:2:      gammafunk_temple_overflow_elements
D:3:      led_xom_imps
D:4:      first_bread, uniq_blork_the_orc, uniq_eustachio
D:5:      portal_sewer_entry_d, serial_shops, shop
D:6:      minivault_1, evilmike_ruin_ashenzari
D:7:      wad_pebble_path, overflow_temple_1_default, minmay_temple_entry_trees,
          enter_bailey_2
D:8:      overflow_temple_1_default, serial_shops, nicolae_shop_trees, shop,
          shop
D:9:      uniq_maurice
D:10:     david_orc_3
D:11:     lair_0_dummy, uniq_sonja
D:12:     hangedman_abyss_or_decor_stagger
Lair:1:   serial_bayou_shore_b
Orc:2:    serial_shops, shop, shop, shop, shop, shop, basic_altar, rock_pile,
          uniq_snorg
Sewer:    sewer_the_crocodile
Bailey:   bailey_polearm_1, bailey
